[Event "Titled Tuesday Blitz April 12 Early 2022"]
[White "Kostina, Nadezhda"]
[Black "Nguyen Hong Nhung"]
[WhiteFideId "4195876"]
[BlackFideId "12412201"]
[WhiteElo "1982"]
[BlackElo "1758"]
[Result "0-1"]
[Round "07"]
[TimeControl "180+1"]
[Date "2022.04.13"]
[WhiteClock "0:00:01"]
[BlackClock "0:00:05"]

1. e4 c5 2. Nf3 e6 3. d4 cxd4 4. Nxd4 Nc6 5. Nc3 Qc7 6. Nde2 a6 7. g3 Nf6 8. Bg2 Be7 9. O-O O-O 10. b3 b5 11. Bb2 Bb7 12. Qd2 Rfd8 13. a4 b4 14. Nd1 d5 15. e5 Nxe5 16. Qf4 Bd6 17. Qg5 h6 18. Qh4 Qxc2 19. Nd4 Qc7 20. Rc1 Qd7 21. Rc2 Rac8 22. Rd2 Ng6 23. Qh3 Be5 24. f4 Bb8 25. f5 exf5 26. Nxf5 Be5 27. Bxe5 Nxe5 28. Nxh6+ gxh6 29. Rxf6 Qxh3 30. Bxh3 Rc1 31. Kf2 Kg7 32. Rb6 Ba8 33. Ne3 Rc3 34. Nf5+ Kg8 35. Nxh6+ Kf8 36. Nf5 Rxb3 37. Rh6 Kg8 38. Ne7+ Kf8 39. Nf5 Ng6 40. Bg4 Ke8 41. h4 Rb8 42. h5 Nf8 43. Rh8 Rc3 44. Re2+ Kd8 45. Rxf8+ Kc7 46. Rxf7+ Kb6 47. Nd4 Kc5 48. Ne6+ Kc4 49. Rf4+ Kb3 50. Nd4+ Kxa4 51. Ra2+ Ra3 52. Bd7+ Ka5 53. Rxa3+ bxa3 54. Nc6+ Bxc6 55. Bxc6 Kb6 56. Bxd5 Kc5 57. Bf7 a2 58. Ra4 Rb2+ 59. Kf3 Rh2 60. Rxa2 Rh1 61. Rxa6 Rf1+ 62. Kg4 Rxf7 63. h6 Kb5 0-1


[Site "https://www.chess.com"]

[Event "Titled Tuesday Blitz April 12 Early 2022"]
[White "Kostiukov, Alexandr"]
[Black "Padmini, Rout"]
[WhiteFideId "14108100"]
[BlackFideId "5029295"]
[WhiteElo "2202"]
[BlackElo "2181"]
[Result "0-1"]
[Round "07"]
[TimeControl "180+1"]
[Date "2022.04.13"]
[WhiteClock "0:00:47"]
[BlackClock "0:01:28"]

1. g3 g6 2. Bg2 Bg7 3. Nf3 e5 4. c4 Ne7 5. O-O O-O 6. Nc3 Nbc6 7. d3 d6 8. Rb1 a5 9. a3 Bf5 10. Bd2 Qd7 11. b4 axb4 12. axb4 Bh3 13. b5 Nd8 14. Qb3 Bxg2 15. Kxg2 Ne6 16. Ra1 Nc5 17. Qc2 f5 18. e3 Rxa1 19. Rxa1 e4 20. dxe4 fxe4 21. Nd4 Nf5 22. Nce2 Nd3 23. Rf1 c5 24. bxc6 bxc6 25. Bc3 c5 26. Nxf5 Qxf5 27. Bxg7 Qf3+ 28. Kg1 Nxf2 0-1


[Site "https://www.chess.com"]

[Event "Titled Tuesday Blitz April 12 Early 2022"]
[White "Kouskoutis, Georgios-Alexandros"]
[Black "Samaganova, Aleksandra"]
[WhiteFideId "4234049"]
[BlackFideId "13800221"]
[WhiteElo "2130"]
[BlackElo "1859"]
[Result "1-0"]
[Round "07"]
[TimeControl "180+1"]
[Date "2022.04.13"]
[WhiteClock "0:00:13"]
[BlackClock "0:00:05"]

1. c4 c5 2. g3 g6 3. Bg2 Bg7 4. Nc3 Nc6 5. e4 e6 6. Nge2 Nge7 7. O-O O-O 8. Rb1 a6 9. a3 Rb8 10. b4 cxb4 11. axb4 b5 12. c5 d6 13. cxd6 Qxd6 14. Qb3 Rd8 15. Rd1 Nd4 16. Nxd4 Bxd4 17. Ne2 Nc6 18. d3 Bb7 19. Bg5 Rd7 20. Nxd4 Nxd4 21. Qb2 e5 22. Rbc1 Rc8 23. Be3 Ne6 24. Rxc8+ Bxc8 25. h4 h5 26. Bh3 Rc7 27. Bxe6 Bxe6 28. Bc5 Qd7 29. Qxe5 Bg4 30. Rd2 f5 31. Qf4 Kh7 32. f3 Bh3 33. Kh2 fxe4 34. dxe4 Qf7 35. Qxf7+ Rxf7 36. Kxh3 Rxf3 37. e5 Kg8 38. e6 Rf6 39. Rd8+ Kh7 40. e7 Re6 41. e8=Q 1-0


[Site "https://www.chess.com"]

[Event "Titled Tuesday Blitz April 12 Early 2022"]
[White "Kucuksari, Kaan"]
[Black "GodDMuhammad"]
[WhiteFideId "6380166"]
[WhiteElo "2305"]
[BlackElo "2326"]
[Result "1-0"]
[Round "07"]
[TimeControl "180+1"]
[Date "2022.04.13"]
[WhiteClock "0:00:07"]
[BlackClock "0:00:12"]

1. d4 Nf6 2. c4 e6 3. g3 c5 4. d5 d6 5. Nc3 exd5 6. cxd5 Be7 7. Nf3 O-O 8. Bg2 a6 9. a4 Bf5 10. O-O Re8 11. Bf4 Nbd7 12. Nh4 Bg4 13. h3 Bh5 14. g4 Bg6 15. Nxg6 hxg6 16. Bg3 Qb6 17. Ra3 c4 18. Qc2 Rac8 19. a5 Qc7 20. Ra4 b5 21. axb6 Qxb6 22. Rfa1 Nc5 23. Rxc4 Nb3 24. Rxc8 Rxc8 25. Ra4 Nd4 26. Qd2 Nb3 27. Qd1 Nc5 28. Rc4 a5 29. Na4 Qb5 30. b3 Nfd7 31. Nxc5 Nxc5 32. e4 Rb8 33. e5 dxe5 34. d6 Bf6 35. Qd5 Nxb3 36. Rc8+ Kh7 37. d7 Nd4 38. Qxb5 Rxb5 39. d8=Q Bxd8 40. Rxd8 f6 41. Ra8 Ne2+ 42. Kh2 Nc3 43. h4 a4 44. Bf1 Rb2 45. Bd3 e4 46. Bc4 f5 47. g5 Nd1 48. Bg8+ Kh8 49. Bf7+ Kh7 50. h5 gxh5 51. g6+ Kh6 52. Bf4# 1-0


[Site "https://www.chess.com"]

[Event "Titled Tuesday Blitz April 12 Early 2022"]
[White "Lagumina, Giulio"]
[Black "Ayushh, Ravikumar"]
[WhiteFideId "800619"]
[BlackFideId "35039482"]
[WhiteElo "2277"]
[BlackElo "1441"]
[Result "1/2-1/2"]
[Round "07"]
[TimeControl "180+1"]
[Date "2022.04.13"]
[WhiteClock "0:01:16"]
[BlackClock "0:00:09"]

1. e4 e6 2. d4 d5 3. e5 c5 4. c3 Nc6 5. Nf3 f6 6. Bd3 a6 7. O-O b5 8. Re1 f5 9. Nbd2 Qb6 10. dxc5 Bxc5 11. Qe2 Nh6 12. Nb3 Nf7 13. Nxc5 Qxc5 14. h4 Qe7 15. a4 b4 16. c4 dxc4 17. Bxc4 O-O 18. b3 Na5 19. Bg5 Nxg5 20. Nxg5 h6 21. Nf3 Bb7 22. Nd4 Nxc4 23. Qxc4 Bd5 24. Qd3 Rac8 25. Nxf5 Rxf5 26. Rac1 Rff8 27. Rxc8 Rxc8 28. Qxa6 Rc3 29. a5 Rxb3 30. Qb5 Ra3 31. a6 Qa7 32. Qe8+ Kh7 33. h5 Rxa6 34. Qg6+ Kg8 35. Qe8+ Kh7 36. Qg6+ Kg8 37. Qe8+ Kh7 1/2-1/2


[Site "https://www.chess.com"]

[Event "Titled Tuesday Blitz April 12 Early 2022"]
[White "Lashkin, Jegor"]
[Black "Domingo Nunez, Alejandro"]
[WhiteFideId "13907808"]
[BlackFideId "22245561"]
[WhiteElo "2368"]
[BlackElo "2215"]
[Result "1-0"]
[Round "07"]
[TimeControl "180+1"]
[Date "2022.04.12"]
[WhiteClock "0:00:08"]
[BlackClock "0:00:01"]

1. Nf3 g6 2. d4 Bg7 3. e3 b6 4. b3 Bb7 5. Bb2 Nf6 6. Be2 O-O 7. O-O c5 8. c4 e6 9. Nc3 Qe7 10. Qc2 Nc6 11. Rad1 cxd4 12. exd4 d5 13. Rfe1 Rfd8 14. cxd5 Nb4 15. d6 Qxd6 16. Qd2 Nbd5 17. Nb5 Qb4 18. Ba3 Qxd2 19. Nxd2 Bf8 20. Bxf8 Kxf8 21. Rc1 Ba6 22. Bc4 Bxb5 23. Bxb5 Nb4 24. a3 a6 25. Bf1 Nbd5 26. g3 Rac8 27. Nc4 b5 28. Ne5 Ne7 29. Rxc8 Rxc8 30. a4 Rc3 31. Rb1 bxa4 32. bxa4 a5 33. Rb8+ Kg7 34. Rb5 Ne4 35. Rb7 Kf6 36. Ng4+ Kg5 37. Be2 Nf5 38. h4+ Nxh4 39. gxh4+ Kxh4 40. Rxf7 h5 41. Ne5 Rc1+ 42. Kg2 Ng5 43. Nxg6# 1-0


[Site "https://www.chess.com"]

[Event "Titled Tuesday Blitz April 12 Early 2022"]
[White "Le, Tuan Minh"]
[Black "Grischuk, Alexander"]
[WhiteFideId "12401153"]
[BlackFideId "4126025"]
[WhiteElo "2450"]
[BlackElo "2762"]
[Result "1/2-1/2"]
[Round "07"]
[TimeControl "180+1"]
[Date "2022.04.12"]
[WhiteClock "0:00:05"]
[BlackClock "0:00:06"]

1. d4 e6 2. Nf3 c5 3. c3 Nf6 4. Bf4 Qb6 5. Qc2 d5 6. e3 Bd6 7. Bg3 Nbd7 8. Nbd2 Qc7 9. Bd3 b6 10. e4 Bxg3 11. hxg3 dxe4 12. Nxe4 Bb7 13. Rd1 cxd4 14. Nxf6+ Nxf6 15. Bb5+ Ke7 16. Rxd4 Rhd8 17. O-O Bxf3 18. Rxd8 Rxd8 19. gxf3 Qd6 20. Kg2 h5 21. Qa4 a5 22. Re1 Qc5 23. Re2 g5 24. Qc4 Qd6 25. Qc6 Nd5 26. Qb7+ Qc7 27. Bc6 Qxb7 28. Bxb7 f5 29. a3 Kf6 30. c4 Ne7 31. b4 Rd7 32. Ba6 axb4 33. axb4 Rc7 34. Bb5 Ng6 35. Rc2 Ne5 36. c5 bxc5 37. bxc5 g4 38. f4 Nf3 39. Rc4 h4 40. gxh4 Nxh4+ 41. Kf1 Nf3 42. Ke2 e5 43. fxe5+ Kxe5 44. Ke3 Ng5 45. c6 Ne4 46. Ba4 f4+ 47. Ke2 Kd5 48. Rc1 Kd4 49. Kf1 Nc3 50. Ra1 Nxa4 51. Rxa4+ Ke5 52. Rc4 g3 53. Kg2 gxf2 54. Kxf2 Kd5 55. Rxf4 Kxc6 56. Rc4+ Kb7 57. Rxc7+ Kxc7 1/2-1/2


[Site "https://www.chess.com"]

[Event "Titled Tuesday Blitz April 12 Early 2022"]
[White "Lianes Garcia, Marcos"]
[Black "Kozak, Adam"]
[WhiteFideId "32060777"]
[BlackFideId "753246"]
[WhiteElo "2310"]
[BlackElo "2459"]
[Result "1-0"]
[Round "07"]
[TimeControl "180+1"]
[Date "2022.04.12"]
[WhiteClock "0:00:11"]
[BlackClock "0:00:01"]

1. e4 c5 2. g3 h5 3. h3 Nc6 4. Bg2 e6 5. Ne2 g5 6. c3 c4 7. b3 Ne5 8. O-O g4 9. bxc4 gxh3 10. Bxh3 h4 11. g4 Qc7 12. f4 Nd3 13. Rf3 Qxc4 14. Nd4 Bc5 15. Na3 Bxd4+ 16. Kg2 Nxf4+ 17. Rxf4 Qc7 18. Qf3 Bc5 19. d4 Bxa3 20. Bxa3 f6 21. e5 Qc6 22. exf6 Kf7 23. g5 d6 24. g6+ Kxg6 25. f7 Qxf3+ 26. Rxf3 Nf6 27. Raf1 Nh7 28. f8=Q Rxf8 29. Rxf8 Nxf8 30. Rxf8 b5 31. Kh2 Kg7 32. Bxd6 a5 33. Bxe6 Ra6 34. Rxc8 Rxd6 35. d5 Rb6 36. Rc6 Rb8 37. a3 Kf6 38. Rc8 Rb6 39. Rf8+ Ke5 40. Rf5+ Ke4 41. Kh3 Kd3 42. Rf3+ Kc2 43. Kxh4 Kb2 44. Rd3 Rd6 45. Kg5 Kxa3 46. Kf5 Kb3 47. Ke5 Rd8 48. d6+ Kc2 49. Bf5 b4 50. cxb4 axb4 51. d7 b3 52. Rd6+ Kc3 53. Rc6+ Kb2 54. Rc8 Rxd7 55. Bxd7 Ka1 56. Ra8+ Kb1 57. Be6 b2 58. Rb8 Ka1 59. Bf5 Ka2 60. Rb7 Ka1 61. Kd4 b1=Q 62. Rxb1+ Ka2 63. Kc3 Ka3 64. Ra1# 1-0


[Site "https://www.chess.com"]

[Event "Titled Tuesday Blitz April 12 Early 2022"]
[White "Liyanage, Ranindu Dilshan"]
[Black "Shohat, Yotam"]
[WhiteFideId "9915834"]
[BlackFideId "2813955"]
[WhiteElo "1858"]
[BlackElo "2119"]
[Result "1-0"]
[Round "07"]
[TimeControl "180+1"]
[Date "2022.04.13"]
[WhiteClock "0:00:08"]
[BlackClock "0:00:05"]

1. e4 c5 2. Nf3 Nc6 3. Bb5 Nf6 4. Nc3 g6 5. O-O Bg7 6. e5 Ng4 7. Bxc6 dxc6 8. Qe2 Nh6 9. d3 Nf5 10. Bf4 O-O 11. Ne4 b6 12. Qd2 h6 13. h3 g5 14. Bh2 Be6 15. c3 Qd5 16. g4 Nh4 17. Nxh4 gxh4 18. f4 Rad8 19. Rad1 f5 20. Nf2 Qf3 21. Rde1 Bd5 22. Ne4 Qxh3 23. gxf5 Bxe4 24. Rxe4 Rxd3 25. Qe2 Rxf5 26. Kh1 Rg3 27. Rd1 Kf7 28. e6+ Kg6 29. Qf2 h5 30. Rde1 Qg4 31. Bxg3 hxg3 32. Qe2 Qh3+ 33. Kg1 h4 34. Qg2 Qxg2+ 35. Kxg2 Kh5 36. Kh3 Bh6 37. Rf1 Bg7 38. Rd1 Bh6 39. Rd7 Bxf4 40. Rxe7 Bg5 41. Rf7 Rf2 42. Rxf2 gxf2 43. Kg2 h3+ 44. Kxf2 Be7 45. Kg3 Kg5 46. Kxh3 Kf5 47. Re2 c4 48. Kg3 b5 49. Kf3 a5 50. Re4 a4 51. a3 c5 52. Re2 b4 53. Re4 bxa3 54. bxa3 Kf6 55. Rxc4 Kxe6 56. Rxa4 Kd5 57. Ke3 Bf6 58. c4+ Kc6 59. Ra6+ 1-0


[Site "https://www.chess.com"]

[Event "Titled Tuesday Blitz April 12 Early 2022"]
[White "Lobachev, Yury"]
[Black "Pourkashiyan, Atousa"]
[WhiteFideId "24138177"]
[BlackFideId "12502014"]
[WhiteElo "2309"]
[BlackElo "2247"]
[Result "0-1"]
[Round "07"]
[TimeControl "180+1"]
[Date "2022.04.13"]
[WhiteClock "0:00:26"]
[BlackClock "0:00:57"]

1. c4 e6 2. Nc3 d5 3. cxd5 exd5 4. d4 Nf6 5. Nf3 Be7 6. g3 O-O 7. Bg5 c6 8. Bg2 Bf5 9. O-O Nbd7 10. e3 Re8 11. a3 h6 12. Bxf6 Nxf6 13. b4 a6 14. Re1 Bd6 15. Qb3 Qd7 16. a4 Bh3 17. Bh1 a5 18. bxa5 Rxa5 19. Reb1 Rb8 20. Nd2 Ng4 21. Qc2 h5 22. Ne2 h4 23. Nb3 hxg3 24. hxg3 Raa8 25. Nc5 Qe7 26. e4 Qf6 27. Nc3 Qxd4 28. Nxb7 Bxg3 29. Nd1 Bh2# 0-1


[Site "https://www.chess.com"]

[Event "Titled Tuesday Blitz April 12 Early 2022"]
[White "Lopez, Henry"]
[Black "Noboa Silva, Kevin"]
[WhiteFideId "5203830"]
[BlackFideId "3618471"]
[WhiteElo "2177"]
[BlackElo "2172"]
[Result "1-0"]
[Round "07"]
[TimeControl "180+1"]
[Date "2022.04.13"]
[WhiteClock "0:00:35"]
[BlackClock "0:01:22"]

1. d4 Nf6 2. Nf3 g6 3. c4 Bg7 4. Nc3 d5 5. h4 h6 6. Bf4 O-O 7. e3 c5 8. dxc5 dxc4 9. Qxd8 Rxd8 10. Bxc4 Nbd7 11. O-O-O Rf8 12. Ne5 e6 13. Nxd7 Bxd7 14. Bd6 Rfc8 15. f3 Be8 16. Kb1 Bf8 17. Be2 Nd7 18. Ne4 f5 19. Bxf8 Kxf8 20. Nd6 Rxc5 21. Nxb7 Rc7 22. Nd6 Nb6 23. Nxe8 Kxe8 24. Rc1 Rac8 25. Ba6 Rxc1+ 26. Rxc1 Rxc1+ 27. Kxc1 Ke7 28. Kd2 e5 29. b4 Nd5 30. a3 f4 31. exf4 exf4 32. Bd3 g5 33. hxg5 hxg5 34. Be4 Ne3 35. g4 Nc4+ 36. Kc3 Nxa3 37. Bd3 Kd6 38. Kb3 Kd5 39. Kxa3 Kd4 40. Be4 Kc3 41. Ka4 Kc4 42. b5 Kc5 43. Ka5 Kc4 44. Bc6 Kc5 45. Ka6 1-0


[Site "https://www.chess.com"]

[Event "Titled Tuesday Blitz April 12 Early 2022"]
[White "Lorparizangeneh, Shahin"]
[Black "Dreev, Aleksey"]
[WhiteFideId "12521604"]
[BlackFideId "4100107"]
[WhiteElo "2525"]
[BlackElo "2625"]
[Result "1-0"]
[Round "07"]
[TimeControl "180+1"]
[Date "2022.04.12"]
[WhiteClock "0:00:09"]
[BlackClock "0:00:05"]

1. b3 e5 2. Bb2 Nc6 3. Nf3 e4 4. Nd4 Nge7 5. c4 Nxd4 6. Bxd4 Nf5 7. Bb2 Bc5 8. e3 O-O 9. Nc3 Re8 10. g3 c6 11. Bg2 d5 12. O-O Be6 13. d3 exd3 14. cxd5 cxd5 15. Qxd3 d4 16. Na4 Bb6 17. Nxb6 Qxb6 18. e4 Ne7 19. Bxd4 Red8 20. Rfd1 Qa5 21. Qe3 Nc6 22. Bc3 Qa3 23. Qg5 Qf8 24. h4 h6 25. Qf4 Qa3 26. Rd2 Rxd2 27. Qxd2 Rd8 28. Qe3 a5 29. f4 Bg4 30. f5 Qd6 31. f6 Qd3 32. Re1 Qxe3+ 33. Rxe3 Rd1+ 34. Kh2 gxf6 35. Bxf6 Rd2 36. a3 Kh7 37. e5 Kg6 38. Kg1 h5 39. Be4+ Bf5 40. Bf3 Nd4 41. Bxb7 Ne2+ 42. Kf2 Nd4+ 43. Ke1 Rb2 44. Rc3 Rb1+ 45. Kd2 Nxb3+ 46. Ke3 Nc5 47. Rxc5 Rxb7 48. Rxa5 Rb3+ 49. Kd4 Rd3+ 50. Kc5 Rxg3 51. Ra8 Rc3+ 52. Kd6 Rd3+ 53. Ke7 Be6 54. Rg8+ Kf5 55. Rg5+ Ke4 56. Rxh5 Rd7+ 57. Ke8 Ra7 58. Rh7 Ra8+ 59. Ke7 Rxa3 60. h5 Kf5 61. Kf8 Ra8+ 62. Kg7 Kg4 63. h6 Kh5 64. Be7 Re8 65. Kf6 Rg8 66. Rg7 Rh8 67. h7 Kh6 68. Rg1 Kxh7 69. Bc5 Rc8 70. Bd6 Rc4 71. Rh1+ Kg8 72. Rg1+ Rg4 73. Rxg4+ Bxg4 74. Be7 Be6 75. Bd6 Bd5 76. Be7 Be6 77. Bd6 Bd5 78. Be7 1-0


[Site "https://www.chess.com"]

[Event "Titled Tuesday Blitz April 12 Early 2022"]
[White "Maevsky, Nikolay"]
[Black "Pranav, V"]
[WhiteFideId "4198220"]
[BlackFideId "25060783"]
[WhiteElo "2126"]
[BlackElo "2349"]
[Result "1-0"]
[Round "07"]
[TimeControl "180+1"]
[Date "2022.04.12"]
[WhiteClock "0:00:42"]
[BlackClock "0:00:54"]

1. d4 Nf6 2. Nf3 e6 3. e3 b6 4. Bd3 Bb7 5. O-O d5 6. Nbd2 Bd6 7. b3 h6 8. Bb2 g5 9. Ne5 Nbd7 10. Qe2 Qe7 11. a4 h5 12. a5 h4 13. a6 Bc8 14. Nc6 Qf8 15. e4 Nh5 16. e5 Nf4 17. Qf3 Be7 18. Bb5 Qg7 19. h3 Bf8 20. c4 Qg6 21. Rfd1 Bh6 22. Nf1 g4 23. hxg4 Rg8 24. Ne3 Nd3 25. Ba3 Qe4 26. Rxd3 Qxd3 27. Nxd5 1-0


[Site "https://www.chess.com"]

[Event "Titled Tuesday Blitz April 12 Early 2022"]
[White "Mangialardo, Tiago Carvalho"]
[Black "Simonovic, Miroslav"]
[WhiteFideId "2130718"]
[BlackFideId "919152"]
[WhiteElo "2063"]
[BlackElo "2043"]
[Result "0-1"]
[Round "07"]
[TimeControl "180+1"]
[Date "2022.04.13"]
[WhiteClock "0:00:01"]
[BlackClock "0:00:07"]

1. e4 c5 2. Nf3 Nc6 3. Bb5 g6 4. Bxc6 dxc6 5. h3 Bg7 6. e5 Bf5 7. O-O Nh6 8. d3 O-O 9. g4 Nxg4 10. hxg4 Bxg4 11. Qe2 f6 12. Qe4 h5 13. Qxg6 fxe5 14. Bh6 Rf7 15. Nxe5 Qf8 16. Qxf7+ Qxf7 17. Nxf7 Bxb2 18. Nd2 Kxf7 19. Rab1 Bf6 20. Rxb7 Rg8 21. Kh1 Be6 22. Ne4 Bxa2 23. Rxa7 Bd5 24. Rg1 Rb8 25. Kh2 Be5+ 26. f4 Bd4 27. Rg2 c4 28. Re2 Bxa7 29. Ng5+ Kf6 30. Nh3 cxd3 31. cxd3 Bc5 32. Bg5+ Kf7 33. Bh4 Bd6 34. Ng5+ Kg6 35. Kg3 Rb3 36. Re3 Bc4 37. Ne4 Rxd3 38. Rxd3 Bxd3 39. Nf2 Bf5 40. Bg5 c5 41. Nd1 c4 42. Kf3 Bb4 43. Ke3 Bg4 44. Nb2 c3 45. Nd3 c2 46. Kd4 Bd2 47. Ke4 c1=Q 48. Nxc1 Bxc1 49. Ke5 Bf5 50. Bh4 e6 51. Bg5 Bb2+ 52. Kd6 Bf6 0-1


[Site "https://www.chess.com"]

[Event "Titled Tuesday Blitz April 12 Early 2022"]
[White "Matlakov, Maxim"]
[Black "Nakamura, Hikaru"]
[WhiteFideId "4168003"]
[BlackFideId "2016192"]
[WhiteElo "2669"]
[BlackElo "2850"]
[Result "0-1"]
[Round "07"]
[TimeControl "180+1"]
[Date "2022.04.12"]
[WhiteClock "0:00:15"]
[BlackClock "0:00:42"]

1. e4 c6 2. d4 d5 3. e5 Bf5 4. h4 h5 5. Bd3 Bxd3 6. Qxd3 e6 7. Bg5 Qa5+ 8. Nd2 Qa6 9. c4 Ne7 10. Ne2 Nd7 11. O-O Nf5 12. Ng3 g6 13. Nxf5 gxf5 14. b3 Ba3 15. Qc2 Nf8 16. cxd5 cxd5 17. b4 Bxb4 18. Rab1 Bxd2 19. Qxd2 Nh7 20. Bh6 O-O-O 21. Qb4 Rd7 22. Rfc1+ Kb8 23. Qd2 Rg8 24. g3 b6 25. Rb3 Nf8 26. Rbc3 Ng6 27. Bg5 f4 28. Kh2 fxg3+ 29. fxg3 Qa4 30. Kh3 Ne7 31. Qd1 Qxd1 32. Rxd1 Nf5 33. Rf3 Rc7 34. Rd2 Rc4 35. Rfd3 b5 36. g4 hxg4+ 37. Kxg4 Rc1 38. Rg2 Rh1 39. Rh3 Rd1 40. Rf3 Rxd4+ 41. Kh3 Nxh4 42. Rxf7 Nxg2 0-1


[Site "https://www.chess.com"]

[Event "Titled Tuesday Blitz April 12 Early 2022"]
[White "Mekhitarian, Krikor Sevag"]
[Black "Plazuelo Pascual, Juan"]
[WhiteFideId "2107660"]
[BlackFideId "32059566"]
[WhiteElo "2598"]
[BlackElo "2359"]
[Result "1-0"]
[Round "07"]
[TimeControl "180+1"]
[Date "2022.04.12"]
[WhiteClock "0:00:05"]
[BlackClock "0:00:08"]

1. Nf3 Nf6 2. c4 b6 3. g3 Bb7 4. Bg2 g6 5. O-O Bg7 6. d4 O-O 7. d5 Ne4 8. Qc2 f5 9. Ng5 Nd6 10. e4 h6 11. Nh3 Nxe4 12. Bxe4 fxe4 13. Qxe4 Qe8 14. Nc3 Na6 15. Nf4 g5 16. Nd3 Qf7 17. f4 e6 18. Bd2 exd5 19. Nxd5 Rae8 20. Ne5 Qf5 21. Qxf5 Rxf5 22. Rae1 Bxd5 23. cxd5 Bxe5 24. fxe5 Rfxe5 25. Rxe5 Rxe5 26. d6 cxd6 27. Bc3 Re6 28. Kg2 Nc5 29. Kh3 Re2 30. Rf6 Re6 31. Rf1 Ne4 32. Bd4 Nd2 33. Rf2 Nc4 34. Kg4 Ne5+ 35. Kh5 Nf7 36. Bc3 Ne5 37. Rf1 Nc6 38. h4 d5 39. hxg5 hxg5 40. Kxg5 d4 41. Bd2 Re2 42. Rd1 Ne5 43. Bf4 Nc6 44. Rd2 Rxd2 45. Bxd2 Kf7 46. Kf5 Ke7 47. g4 Kd6 48. g5 Kd5 49. g6 Ne7+ 50. Kf6 Nxg6 51. Kxg6 b5 52. Kf5 Kc4 53. Ke4 d5+ 54. Ke5 Kd3 55. Bh6 Kc4 56. Bg5 a5 57. Bd2 a4 58. a3 Kb3 59. Kxd4 Kxb2 60. Bb4 Kb3 61. Kxd5 Kc2 62. Kc5 Kb3 63. Kxb5 Kc2 64. Kxa4 Kd3 65. Kb5 1-0


[Site "https://www.chess.com"]

[Event "Titled Tuesday Blitz April 12 Early 2022"]
[White "Melikhov, Evgeny V."]
[Black "Martic, Ivan"]
[WhiteFideId "4122046"]
[BlackFideId "929301"]
[WhiteElo "1931"]
[BlackElo "2317"]
[Result "1-0"]
[Round "07"]
[TimeControl "180+1"]
[Date "2022.04.13"]
[WhiteClock "0:01:07"]
[BlackClock "0:00:45"]

1. d4 e6 2. c4 f5 3. g3 Nf6 4. Bg2 c6 5. Nf3 d5 6. O-O Bd6 7. Bf4 Bxf4 8. gxf4 O-O 9. Nbd2 Bd7 10. Ne5 Be8 11. Ndf3 Ne4 12. Qc2 Bh5 13. Nd3 Nd7 14. Nfe5 Rf6 15. f3 Nd6 16. c5 Nf7 17. e4 Rh6 18. Qf2 Nfxe5 19. fxe5 fxe4 20. fxe4 dxe4 21. Bxe4 Qg5+ 22. Qg3 Qxg3+ 23. hxg3 Be2 24. Rf4 Bxd3 25. Bxd3 b6 26. b4 bxc5 27. bxc5 Rb8 28. Rb1 Rxb1+ 29. Bxb1 g5 30. Rf2 Rh3 31. Kg2 g4 32. Be4 Nb8 33. Rb2 Nd7 34. Bxc6 Nf8 35. Be8 h5 36. c6 h4 37. gxh4 Rc3 38. Rb5 Nh7 39. Rc5 1-0


[Site "https://www.chess.com"]

[Event "Titled Tuesday Blitz April 12 Early 2022"]
[White "Meshkovs, Nikita"]
[Black "Khripachenko, Alexander"]
[WhiteFideId "11602740"]
[BlackFideId "54184975"]
[WhiteElo "2506"]
[BlackElo "2193"]
[Result "1-0"]
[Round "07"]
[TimeControl "180+1"]
[Date "2022.04.12"]
[WhiteClock "0:00:50"]
[BlackClock "0:00:46"]

1. d4 Nf6 2. Nf3 g6 3. g3 Bg7 4. Bg2 O-O 5. O-O d5 6. a4 b6 7. a5 Ba6 8. Ne5 c6 9. Nc3 e6 10. Bf4 Nfd7 11. Nf3 c5 12. dxc5 bxc5 13. Nxd5 exd5 14. Qxd5 Qc8 15. Nd2 g5 16. Bd6 Rd8 17. Qxa8 Bxe2 18. Rfe1 Qa6 19. Bc7 Rc8 20. Bb7 1-0


[Site "https://www.chess.com"]

[Event "Titled Tuesday Blitz April 12 Early 2022"]
[White "Migot, Tangi"]
[Black "Avalos Parra, Joao"]
[WhiteFideId "662445"]
[BlackFideId "3402541"]
[WhiteElo "2525"]
[BlackElo "2173"]
[Result "1-0"]
[Round "07"]
[TimeControl "180+1"]
[Date "2022.04.13"]
[WhiteClock "0:00:25"]
[BlackClock "0:00:05"]

1. Nf3 d5 2. c4 c6 3. g3 Nf6 4. Bg2 Bf5 5. O-O e6 6. Nd4 Bg6 7. cxd5 exd5 8. d3 Be7 9. Nc3 O-O 10. e4 dxe4 11. dxe4 Bc5 12. Be3 Nbd7 13. Qb3 Qb6 14. Rad1 Rfe8 15. f3 a5 16. Qc2 Ne5 17. Na4 Bxd4 18. Bxd4 Qb4 19. a3 Qe7 20. Qc3 Ned7 21. Rfe1 b5 22. Nc5 Nb6 23. f4 Bh5 24. Rc1 Rac8 25. h3 Nfd7 26. Nxd7 Nxd7 27. g4 b4 28. axb4 axb4 29. Qc4 c5 30. Bf2 Bxg4 31. hxg4 h5 32. gxh5 Qd6 33. e5 Qh6 34. Rcd1 Nb6 35. Qb5 1-0


[Site "https://www.chess.com"]

[Event "Titled Tuesday Blitz April 12 Early 2022"]
[White "Mika, Tomasz"]
[Black "Shtyka, Sergey"]
[WhiteFideId "1132970"]
[BlackFideId "4138465"]
[WhiteElo "2116"]
[BlackElo "2014"]
[Result "0-1"]
[Round "07"]
[TimeControl "180+1"]
[Date "2022.04.13"]
[WhiteClock "0:00:01"]
[BlackClock "0:00:15"]

1. d4 c5 2. dxc5 e5 3. Be3 Nf6 4. Nf3 Nc6 5. Nc3 Ng4 6. Nd5 Nxe3 7. Nxe3 Bxc5 8. Nc4 e4 9. Qd5 Bb4+ 10. c3 O-O 11. Ng5 Be7 12. Nxe4 b5 13. Ncd6 b4 14. e3 bxc3 15. bxc3 Bxd6 16. Nxd6 Qf6 17. Rc1 a5 18. Be2 Ba6 19. Bxa6 Rxa6 20. Ne4 Qg6 21. O-O Ne7 22. Qd4 d5 23. Ng3 Rc6 24. c4 Rfc8 25. Qe5 Re6 26. Qd4 Rec6 27. Qe5 Kf8 28. Qd4 dxc4 29. Rc3 Qd6 0-1


[Site "https://www.chess.com"]

[Event "Titled Tuesday Blitz April 12 Early 2022"]
[White "Molina, Roberto Junio Brito"]
[Black "Artemenko, Oleg"]
[WhiteFideId "2109450"]
[BlackFideId "14201798"]
[WhiteElo "2745"]
[BlackElo "2603"]
[Result "0-1"]
[Round "07"]
[TimeControl "180+1"]
[Date "2022.04.13"]
[WhiteClock "0:00:37"]
[BlackClock "0:01:24"]

1. d4 Nf6 2. c4 e6 3. Nf3 b6 4. g3 Bb7 5. Bg2 Bb4+ 6. Bd2 Bxd2+ 7. Qxd2 d6 8. Nc3 O-O 9. O-O Nbd7 10. Rfe1 Ne4 11. Nxe4 Bxe4 12. Qc3 f5 13. Bh3 g5 14. Nd2 Bb7 15. e4 g4 16. Bg2 f4 17. gxf4 Rxf4 18. Qg3 Qg5 19. f3 Raf8 20. Re2 h5 21. h4 Qf6 22. Nb3 Kh8 23. fxg4 Rxg4 24. Qe3 Rfg8 25. Rf1 Qg6 26. Rff2 Bxe4 27. Qh3 Bf5 28. Qf3 Nf6 29. d5 Be4 30. Qxf6+ Qxf6 31. Rxf6 Rxg2+ 32. Rxg2 Rxg2+ 33. Kf1 exd5 34. cxd5 Rxb2 35. Nd4 Bxd5 36. Rf5 Bc4+ 37. Ke1 Rxa2 38. Rxh5+ Kg7 39. Rg5+ Kf6 40. Rf5+ Ke7 41. Rf4 Bd3 42. Nc6+ Kd7 43. Nb4 Ra1+ 44. Kd2 Bg6 45. Rg4 Bf5 46. Rg5 Ra4 47. Kc3 a5 48. Nd5 Be6 49. Rg7+ Kd8 50. Nf6 Rxh4 51. Kb2 Rb4+ 52. Ka3 Rf4 53. Nh5 Rf7 54. Rg6 Kd7 55. Nf6+ Kc6 56. Rh6 b5 57. Kb2 b4 58. Ne4 Bd5 59. Nf6 a4 60. Kc2 Rg7 61. Kd3 a3 62. Kd4 a2 0-1


[Site "https://www.chess.com"]

[Event "Titled Tuesday Blitz April 12 Early 2022"]
[White "Murzin, Volodar"]
[Black "Dang, Hoang Son"]
[WhiteFideId "44155573"]
[BlackFideId "12402435"]
[WhiteElo "2585"]
[BlackElo "2252"]
[Result "1-0"]
[Round "07"]
[TimeControl "180+1"]
[Date "2022.04.12"]
[WhiteClock "0:00:10"]
[BlackClock "0:00:16"]

1. e4 e5 2. Nf3 Nc6 3. Bb5 Nf6 4. d3 Bc5 5. O-O d6 6. c3 O-O 7. Bg5 Bg4 8. Nbd2 h6 9. Bh4 Bb6 10. h3 Bd7 11. Nc4 Ne7 12. Bxd7 Nxd7 13. a4 a6 14. d4 f6 15. Qb3 Kh8 16. a5 Ba7 17. Qxb7 Ng6 18. Bg3 Nf4 19. Bxf4 exf4 20. Qc6 g5 21. e5 fxe5 22. dxe5 Nc5 23. Rad1 Qe8 24. Qxc7 Ne6 25. Qxd6 Rf7 26. Nb6 Rb8 27. Nd4 Bxb6 28. axb6 Re7 29. Nc6 Reb7 30. Nxb8 Rxb8 31. Qd7 Qg6 32. Rd6 Re8 33. b7 g4 34. Rxe6 Rxe6 35. b8=Q+ 1-0


[Site "https://www.chess.com"]